[Event "Team 45 45 League T27"]
[Site "Internet Chess Club"]
[Date "2005.07.24"]
[Round "6"]
[White "EyeAm"]
[Black "gafir777"]
[Result "1-0"]
[WhiteElo "1260"]
[BlackElo "1081"]
[TimeControl "2700+45"]

1. e4 e5 2. Nf3 Nc6 3. Bc4 d5 4. Bxd5 Nd4 5. c3 Nc6 6. Bxc6+ bxc6 7. O-O Bd6 8.
h3 Ba6 9. Re1 Bd3 10. b4 Nf6 11. c4 Bxe4 12. Nc3 Bxf3 13. Qxf3 O-O 14. Qxc6 Bxb4
15. Rxe5 Qd4 16. Re3 Rae8 17. Rb1 Bxc3 18. dxc3 Qd1+ 19. Kh2 Rxe3 20. fxe3 Qc2
21. Qb7 Qxa2 22. Rb2 Qxc4 23. Bd2 Ne4 24. Qxa7 Nxd2 25. Rxd2 Qxc3 26. Qd4 Qxd4
27. exd4 Rd8 28. Kg3 f5 29. Kf3 Rd5 30. Ke3 c5 31. dxc5 Rxc5 32. Rd8+ Kf7 33.
Kd4 Rc2 34. Rd7+ Kg6 35. Rd6+ Kg5 36. Ke3 Rxg2 37. Kf3 Ra2 38. Rd7 Ra3+ 39. Kg2
Kg6 40. Rd6+ Kf7 41. Rd7+ Kg6 42. Rd6+ Kg5 43. Rd7 Ra2+ 44. Kf3 Kh4 45. Rxg7
Ra3+ 46. Kf4 Rxh3 47. Rxh7# {Black checkmated} 1-0

[Event "Team 45 45 League T27"]
[Site "Internet Chess Club"]
[Date "2005.07.24"]
[Round "6"]
[White "Mississippian"]
[Black "fuzzface"]
[Result "1/2-1/2"]
[WhiteElo "1395"]
[BlackElo "1360"]
[TimeControl "2700+45"]

1. e4 e5 2. Nf3 d6 3. d4 Bg4 4. dxe5 Bxf3 5. Qxf3 f6 6. Bb5+ c6 7. Bc4 Qa5+ 8.
Nc3 Qxe5 9. O-O b5 10. Bf4 Qc5 11. Nxb5 cxb5 12. Bd5 Nc6 13. Be3 Ne5 14. Qf5 Ne7
15. Qe6 Qc8 16. Qxd6 Nxd5 17. Qxd5 Qd8 18. Qxb5+ Qd7 19. Qe2 Qb7 20. f4 Nd7 21.
Bd4 Bc5 22. Bxc5 Nxc5 23. Qh5+ g6 24. Qxc5 Rc8 25. Qa3 Kf7 26. Qb3+ Qxb3 27.
axb3 Rc7 28. g4 Re8 29. e5 h6 30. c3 f5 31. h3 Rce7 32. Ra6 Rg8 33. Rf6+ Ke8 34.
Kh2 a5 35. gxf5 gxf5 36. Rxh6 Rd7 37. Rf2 Rb7 38. b4 axb4 39. cxb4 Rxb4 40. Re6+
Kf7 41. Rf6+ Ke7 42. Rxf5 Rb6 43. h4 Rg4 44. Kh3 Rg1 45. Rg2 Rh1+ 46. Kg4 Rh6
47. Rh5 Rg6+ 48. Rg5 Rh6 49. h5 Rh7 50. f5 Rd1 51. f6+ Ke6 52. Rg7 Rd4+ 53. Kg5
Rxg7+ 54. fxg7 Kf7 55. h6 Kg8 56. Kg6 Rg4+ 57. Kf6 Rxg2 58. b4 Rb2 59. e6 Rxb4
60. e7 Rb6+ 61. Ke5 Rb8 62. Kf6 Rb6+ 63. Ke5 Rb8 64. Kd6 Kf7 65. Kc7 Re8 66. h7
Rxe7+ 67. Kd8 Kxg7 68. Kxe7 Kxh7 {Game drawn because neither player has mating
material} 1/2-1/2

[Event "Team 45 45 League T27"]
[Site "Internet Chess Club"]
[Date "2005.07.25"]
[Round "6"]
[White "Fogbound"]
[Black "rgadoury"]
[Result "0-1"]
[WhiteElo "1263"]
[BlackElo "1416"]
[TimeControl "2700+45"]

1. d4 Nf6 2. Nf3 d5 3. e3 e6 4. Bd3 Be7 5. Nbd2 b6 6. O-O O-O 7. e4 dxe4 8. Nxe4
Bb7 9. Ng3 Ba6 10. c4 Bb7 11. Ne5 Nbd7 12. f4 c5 13. Be3 cxd4 14. Bf2 Nc5 15.
Bb1 a5 16. Ng4 Nfe4 17. Nxe4 Bxe4 18. Nh6+ Kh8 19. Bxd4 Bf6 20. Bxf6 Qxf6 21.
Ng4 Qxb2 22. Bxe4 Nxe4 23. Qe1 Qd4+ 24. Qe3 Qxe3+ 25. Nxe3 Nc5 26. f5 exf5 27.
Nxf5 g6 28. Nd6 Kg7 29. h4 Rad8 30. Nb5 h5 31. Rab1 Rfe8 32. Nc7 Re2 33. Rxb6
Rdd2 34. Ne8+ Rxe8 35. Rbf6 Re7 36. R6f2 Rxf2 37. Rxf2 Re4 38. Rd2 Rxc4 39. Rd5
a4 40. Kf1 Ne6 41. Ra5 Rc1+ 42. Ke2 Rc2+ 43. Kf3 Rxa2 44. g4 Ra3+ 45. Kg2 hxg4
46. h5 Nf4+ 47. Kf2 Nxh5 48. Ra7 g3+ 49. Kg1 Kf6 50. Ra6+ Kg5 51. Ra5+ Kh4 52.
Kg2 Nf4+ 53. Kh1 Ra1# {White checkmated} 0-1

[Event "Team 45 45 League T27"]
[Site "Internet Chess Club"]
[Date "2005.07.24"]
[Round "6"]
[White "MJBerkey88"]
[Black "klt713"]
[Result "1-0"]
[WhiteElo "1303"]
[BlackElo "1168"]
[TimeControl "2700+45"]

1. e4 c5 2. Nf3 e6 3. c3 a6 4. d4 cxd4 5. cxd4 Nc6 6. Nc3 b5 7. a3 d6 8. Bd3 e5
9. d5 Nd4 10. Nxd4 exd4 11. Ne2 Qb6 12. Bc2 Nf6 13. Qxd4 Qxd4 14. Nxd4 Bd7 15.
Bf4 Rc8 16. b3 Be7 17. a4 O-O 18. Bd3 Rfe8 19. O-O Bg4 20. axb5 Rc3 21. Bc4 Nxe4
22. f3 Bh5 23. fxe4 Bf6 24. Ne2 Bxe2 25. Bxe2 Rxe4 26. bxa6 Rc8 27. Ra2 Ra8 28.
Bxd6 Ree8 29. Kh1 Red8 30. Bc7 Rxd5 31. Bf3 Rf5 32. a7 Bd4 33. Bb8 g6 34. g4
Rxf3 35. Rxf3 Be3 36. Rxe3 {Black resigns} 1-0

[Event "Team 45 45 League T27"]
[Site "Internet Chess Club"]
[Date "2005.07.24"]
[Round "6"]
[White "ffplayer"]
[Black "ihatepickles"]
[Result "0-1"]
[WhiteElo "1123"]
[BlackElo "1225"]
[TimeControl "2700+45"]

1. d4 Nf6 2. c4 c5 3. Nf3 cxd4 4. Nxd4 e5 5. Nf3 e4 6. Nd4 d5 7. e3 dxc4 8. Bxc4
Nc6 9. O-O Ne5 10. Bb3 Bg4 11. Ba4+ Ned7 12. f3 exf3 13. Nxf3 Bc5 14. Bxd7+ Qxd7
15. Qxd7+ Nxd7 16. h3 Bf5 17. Nd4 Bd3 18. Re1 O-O-O 19. Nc3 Rhe8 20. Bd2 Ne5 21.
Ndb5 Bxb5 22. Nxb5 Rxd2 23. b3 Nd3 24. Red1 Bxe3+ 25. Kf1 Rf2+ 26. Kg1 Rxa2+ 27.
Kh1 Nf2+ 28. Kh2 Bf4+ 29. g3 Ng4+ 30. Kg1 Be3+ 31. Kf1 Nh2+ 32. Ke1 Bd4# {White
checkmated} 0-1

[Event "Team 45 45 League T27"]
[Site "Internet Chess Club"]
[Date "2005.07.25"]
[Round "6"]
[White "Mislav"]
[Black "tourettes"]
[Result "0-1"]
[WhiteElo "1855"]
[BlackElo "1833"]
[TimeControl "2700+45"]

1. d4 Nf6 2. Nf3 e6 3. e3 b6 4. Bd3 Bb7 5. Nbd2 Be7 6. b3 O-O 7. Bb2 Na6 8. a3
c5 9. c4 d5 10. O-O cxd4 11. exd4 Rc8 12. Ne5 Nb8 13. Re1 Nc6 14. Ndf3 h6 15.
Qe2 Bd6 16. Rac1 Qe7 17. b4 dxc4 18. Rxc4 Nb8 19. Rec1 Rxc4 20. Nxc4 Rc8 21. Qe1
Nd5 22. Nxd6 Rxc1 23. Bxc1 Qxd6 24. Qe4 f5 25. Qe5 Qxe5 26. dxe5 Nc6 27. b5 Nce7
28. Nd4 Kf7 29. f4 Nc3 30. Kf2 Be4 31. Bc4 Bd5 32. Bd3 Be4 33. Bxe4 Nxe4+ 34.
Kf3 g5 35. Nc6 g4+ 36. Ke3 Nxc6 37. bxc6 Ke7 38. Kd3 Kd8 39. Kc4 a6 40. h3 h5
41. Bb2 Kc7 42. hxg4 hxg4 43. Bd4 Kxc6 44. Be3 Ng3 45. Bf2 Nh5 46. g3 Ng7 47.
Kd4 Ne8 48. a4 Nc7 49. Be1 a5 50. Kc3 Na6 51. Kb2 Nc5 52. Ka3 Kd5 53. Bd2 Ke4
{White resigns} 0-1

[Event "Team 45 45 League T27"]
[Site "Internet Chess Club"]
[Date "2005.07.22"]
[Round "6"]
[White "kingfischer57"]
[Black "ears"]
[Result "1/2-1/2"]
[WhiteElo "1780"]
[BlackElo "1748"]
[TimeControl "2700+45"]

1. d4 g6 2. c4 Bg7 3. Nc3 e5 4. Nf3 exd4 5. Nxd4 Nc6 6. e3 Nge7 7. Be2 d5 8.
cxd5 Nxd4 9. exd4 Nxd5 10. O-O O-O 11. Bf3 c6 12. Nxd5 cxd5 13. Be3 Be6 14. Qb3
Qd7 15. Rac1 Rfc8 16. g3 Bf8 17. a3 Rc6 18. Rxc6 bxc6 19. Rc1 Rc8 20. Qa4 Qb7
21. b4 Bd6 22. Be2 Rc7 23. Ba6 Qa8 24. Be2 Kg7 25. Qa5 Qb8 26. Qa4 Qb7 27. Kg2
Bd7 28. Ba6 Qb6 29. Bd3 Qb7 30. Qa5 Qb6 31. Qxb6 axb6 32. f4 f5 33. Kf3 Rc8 34.
Rc3 h5 35. Bc2 Be7 36. Bf2 Kf6 37. Ba4 Ke6 38. Bb3 Kd6 39. Bd1 Bf6 40. Be2 Ke7
41. Ba6 Rc7 42. Bd3 Rc8 43. Rc1 Ke8 44. Re1+ Kf7 45. Rc1 Ke8 46. Rc2 Be7 47. Be1
Bd6 48. Re2+ Kf7 49. Rc2 Re8 50. Bd2 Rc8 51. Bc1 c5 52. bxc5 bxc5 53. dxc5 Rxc5
54. Rxc5 Bxc5 55. Bc2 Bc6 56. a4 d4+ 57. Ke2 Be4 58. Bd3 Ke6 59. Bc4+ Bd5 60.
Bd3 Be4 61. Bc4+ Bd5 62. Bd3 Kd6 63. a5 Kc6 64. Bd2 Be4 65. Bc4 Bd5 66. Bd3 Be4
67. Bc4 Bd5 68. Bd3 {Game drawn by repetition} 1/2-1/2

[Event "Team 45 45 League T27"]
[Site "Internet Chess Club"]
[Date "2005.07.23"]
[Round "6"]
[White "clarnibass"]
[Black "crankn8tr"]
[Result "0-1"]
[WhiteElo "1645"]
[BlackElo "1570"]
[TimeControl "2700+45"]

1. e4 c5 2. Nf3 e6 3. d4 cxd4 4. Nxd4 a6 5. Bd3 Bc5 6. Nb3 Be7 7. O-O d6 8. c4
b6 9. Nc3 Nd7 10. Qe2 Qc7 11. Be3 Bb7 12. Rac1 Rc8 13. f4 Ngf6 14. Nd2 O-O 15.
g4 Nc5 16. g5 Nxd3 17. Qxd3 Ng4 18. b3 d5 19. cxd5 Nxe3 20. Qxe3 Bc5 {White
resigns} 0-1

[Event "Team 45 45 League T27"]
[Site "Internet Chess Club"]
[Date "2005.07.28"]
[Round "6"]
[White "Lug"]
[Black "jazzyjoe"]
[Result "1/2-1/2"]
[WhiteElo "1972"]
[BlackElo "1756"]
[TimeControl "2700+45"]

1. e4 e5 2. Nf3 d6 3. d4 exd4 4. Qxd4 Nc6 5. Bb5 Bd7 6. Bxc6 Bxc6 7. O-O Be7 8.
Nc3 Nf6 9. Re1 O-O 10. Nd5 Nxd5 11. exd5 Bd7 12. c3 Bf6 13. Qb4 Rb8 14. Be3 b6
15. Bd4 c5 16. dxc6 Bxc6 17. Bxf6 Qxf6 18. Qd4 Bxf3 19. Qxf6 gxf6 20. gxf3 Rfe8
21. Kf1 Kf8 22. Rad1 Rbd8 23. Rxe8+ Kxe8 24. Rd4 Ke7 25. Re4+ Kd7 26. Rh4 Rh8
27. Ke2 a6 28. Rf4 {Game drawn by mutual agreement} 1/2-1/2

[Event "Team 45 45 League T27"]
[Site "Internet Chess Club"]
[Date "2005.07.22"]
[Round "6"]
[White "qs16"]
[Black "ardsrfc"]
[Result "1/2-1/2"]
[WhiteElo "1711"]
[BlackElo "1767"]
[TimeControl "2700+45"]

1. d4 g6 2. Nf3 Bg7 3. Bf4 d6 4. e3 Nd7 5. Bc4 c6 6. Bxf7+ Kxf7 7. Ng5+ Ke8 8.
Ne6 Qa5+ 9. Qd2 Qxd2+ 10. Nxd2 Kf7 11. Nd8+ Ke8 12. Ne6 Kf7 13. Nd8+ {Game drawn
by mutual agreement} 1/2-1/2

[Event "Team 45 45 League T27"]
[Site "Internet Chess Club"]
[Date "2005.07.23"]
[Round "6"]
[White "tarheels"]
[Black "ApakohKrieger"]
[Result "0-1"]
[WhiteElo "1738"]
[BlackElo "1707"]
[TimeControl "2700+45"]

1. e4 c5 2. Nf3 Nc6 3. d4 cxd4 4. Nxd4 g6 5. Nc3 Bg7 6. Be3 Nf6 7. Be2 O-O 8.
O-O d6 9. Qd2 Bd7 10. a3 Nxd4 11. Bxd4 Bc6 12. Bd3 e5 13. Be3 d5 14. exd5 Nxd5
15. Nxd5 Qxd5 16. f4 e4 17. Be2 Qxd2 18. Bxd2 Bxb2 19. Ra2 Bd4+ 20. Kh1 Rfe8 21.
c3 Bc5 22. f5 e3 23. Be1 Re4 24. fxg6 hxg6 25. Bg3 Ra4 26. Bd1 Rxa3 27. Rxa3
Bxa3 28. Bb3 Rf8 29. Bf4 e2 30. Re1 Re8 31. Bc4 Re4 32. Rxe2 Rxf4 33. Ra2 Bd6
34. Bd3 Rh4 35. Kg1 Bxh2+ 36. Kf1 a6 37. g4 Be5 38. Re2 Rh1+ 39. Kf2 Rh2+ 40.
Ke3 Rxe2+ 41. Bxe2 Bxc3 42. Kf4 a5 43. Bc4 a4 44. Ke3 b5 45. Ba2 b4 46. Bc4 b3
47. Kd3 Bb4 48. Ke2 b2 49. Ba2 Bd5 50. Bb1 a3 51. Kd1 Bb3+ {White resigns} 0-1

[Event "Team 45 45 League T27"]
[Site "Internet Chess Club"]
[Date "2005.07.23"]
[Round "6"]
[White "hansolo1000"]
[Black "Katzie"]
[Result "1-0"]
[WhiteElo "1537"]
[BlackElo "1532"]
[TimeControl "2700+45"]

1. d4 d5 2. c4 e6 3. Nc3 Nf6 4. Bg5 Nbd7 5. cxd5 exd5 6. Nf3 Bb4 7. e3 h6 8. Bh4
g5 9. Bg3 Ne4 10. Qc2 Nxg3 11. hxg3 Nf6 12. Qa4+ Bd7 13. Qxb4 Bc6 14. Bd3 Qd7
15. Ne5 Qe6 16. Rc1 Nd7 17. Nb5 Bxb5 18. Bxb5 c6 19. Bxc6 bxc6 20. Rxc6 Qf5 21.
Nxd7 Kxd7 22. Qb7+ {Black resigns} 1-0

[Event "Team 45 45 League T27"]
[Site "Internet Chess Club"]
[Date "2005.07.25"]
[Round "6"]
[White "Tomate"]
[Black "kevinfons"]
[Result "0-1"]
[WhiteElo "1401"]
[BlackElo "1480"]
[TimeControl "2700+45"]

1. e4 c5 2. Nc3 Nc6 3. f4 e6 4. Bb5 d6 5. Bxc6+ bxc6 6. d3 Nf6 7. e5 Nd5 8. Ne4
Be7 9. Nf3 O-O 10. O-O f6 11. c4 Nb6 12. Be3 f5 13. Ng3 d5 14. Qc2 dxc4 15. dxc4
a5 16. Rad1 Qc7 17. a4 Bd7 18. b3 Be8 19. Qc3 Bg6 20. Ne2 h5 21. Ng5 Bxg5 22.
fxg5 Rfd8 23. Bxc5 Rxd1 24. Rxd1 Rd8 25. Qc2 Rxd1+ 26. Qxd1 Nd7 27. Nf4 Be8 28.
Bd6 Qa7+ 29. Kh1 Qe3 30. Nxe6 Nxe5 31. Bc5 Qe4 32. h3 Nd3 33. Bf2 Nxf2+ {White
resigns} 0-1

[Event "Team 45 45 League T27"]
[Site "Internet Chess Club"]
[Date "2005.07.21"]
[Round "6"]
[White "Traho"]
[Black "nona"]
[Result "0-1"]
[WhiteElo "1347"]
[BlackElo "1376"]
[TimeControl "2700+45"]

1. Nf3 g6 2. g3 Bg7 3. Bg2 d6 4. O-O e5 5. e4 Nf6 6. d3 O-O 7. Re1 c6 8. c4 Nbd7
9. Nc3 Nc5 10. b4 Ne6 11. Ne2 Qb6 12. Qb3 Ng4 13. Rf1 Bd7 14. h3 Nf6 15. Be3 Qc7
16. Rad1 a5 17. a3 axb4 18. axb4 c5 19. b5 Nd4 20. Nfxd4 exd4 21. Bf4 Nh5 22.
Bd2 f5 23. Ra1 fxe4 24. b6 Qc8 25. Rxa8 Qxa8 26. Bxe4 Bxh3 27. Bg2 Qc8 28. Qd1
Bxg2 29. Kxg2 Qc6+ 30. f3 Qxb6 31. Qb1 Qc6 32. g4 Nf6 33. Qc1 Nxg4 34. Kg3 Ne5
35. Ng1 Nxd3 36. Qd1 Be5+ 37. Kg2 Nf4+ 38. Bxf4 Bxf4 39. Re1 Be3 40. Nh3 Qa6 41.
Qe2 Ra8 42. Nf2 Qa2 43. Nd1 Qxe2+ 44. Rxe2 Bf4 45. Nf2 Kf7 46. Re4 g5 47. Nh3
Ra2+ 48. Nf2 d3 49. Re1 d2 50. Rd1 Rc2 51. Ne4 Rc1 {White resigns} 0-1

[Event "Team 45 45 League T27"]
[Site "Internet Chess Club"]
[Date "2005.07.20"]
[Round "6"]
[White "GLuft"]
[Black "NineMilly"]
[Result "0-1"]
[WhiteElo "1152"]
[BlackElo "1161"]
[TimeControl "2700+45"]

1. e4 e6 2. d4 d5 3. e5 Be7 4. Nc3 a6 5. Nf3 c5 6. Be2 Nc6 7. Na4 cxd4 8. Nxd4
Nxe5 9. Bf4 Qa5+ 10. Nc3 Bf6 11. Bd2 Qb4 12. Nb3 Qd6 13. Bf4 Ne7 14. Ne4 Nf3+
15. Bxf3 Qxf4 16. Nxf6+ Qxf6 17. Qd4 Qxd4 18. Nxd4 O-O 19. O-O Bd7 20. Rfe1 Rac8
21. c3 b5 22. Rac1 Rc4 23. Be2 Rc5 24. Nb3 Rc7 25. Bd3 Rfc8 26. Re5 g6 27. g4
Nc6 28. Re3 e5 29. g5 e4 30. Nc5 exd3 31. Nxd7 Rxd7 32. Rxd3 Ne5 33. Re3 Nc4 34.
Re2 Kf8 35. Rce1 Rdd8 36. h4 Nd6 37. Kg2 Re8 38. Kf3 Rxe2 39. Rxe2 Re8 40. Rd2
Re5 41. Kg4 Nc4 42. Rd4 Re4+ 43. f4 Rxd4 44. cxd4 Nxb2 45. h5 b4 46. h6 a5 47.
Kf3 Nd3 48. Ke3 Nc1 49. Kd2 Nxa2 50. Kc2 b3+ 51. Kxb3 Nc1+ 52. Ka4 Nd3 53. Kxa5
Nxf4 54. Kb5 Ke7 55. Kc5 Ne6+ 56. Kxd5 Nxg5 57. Ke5 f5 58. d5 Nf7+ 59. Kf4 Nxh6
60. Ke5 Nf7+ 61. Kf4 Kd6 {White resigns} 0-1

[Event "Team 45 45 League T27"]
[Site "Internet Chess Club"]
[Date "2005.07.26"]
[Round "6"]
[White "mwm913"]
[Black "Dalcon"]
[Result "0-1"]
[WhiteElo "1064"]
[BlackElo "1233"]
[TimeControl "2700+45"]

1. e4 c5 2. c3 Nf6 3. e5 Nd5 4. c4 Nb4 5. a3 N4c6 6. Nf3 d6 7. exd6 exd6 8. Be2
Be7 9. O-O O-O 10. d4 cxd4 11. Nxd4 Bf6 12. Be3 Qe8 13. Nc3 Nxd4 14. Bxd4 Bd8
15. Bh5 Nc6 16. Re1 Be6 17. c5 Nxd4 18. Qxd4 Qe7 19. cxd6 Qg5 20. Bf3 Bf6 21.
Qb4 Rad8 22. Ne4 Qf4 23. g3 Qxf3 24. Nxf6+ gxf6 25. Re3 Qc6 26. Rf3 Qxf3 27. Re1
Bh3 28. Qg4+ Qxg4 29. f3 Qxf3 {White resigns} 0-1

[Event "Team 45 45 League T27"]
[Site "Internet Chess Club"]
[Date "2005.07.22"]
[Round "6"]
[White "jientho"]
[Black "Trixi"]
[Result "0-1"]
[WhiteElo "1292"]
[BlackElo "1469"]
[TimeControl "2700+45"]

1. e4 e5 2. Nf3 Nc6 3. Bc4 Bc5 4. b4 Bxb4 5. c3 Bd6 6. d4 Nf6 7. Ng5 O-O 8. Na3
h6 9. Nxf7 Rxf7 10. Bxf7+ Kxf7 11. Nb5 Nxe4 12. dxe5 Bxe5 13. Qd5+ Kf8 14. Qxe4
Qf6 15. O-O a6 16. Rb1 axb5 17. Rxb5 d6 18. Qh7 Kf7 19. Qc2 Bxc3 20. Rb3 Nd4 21.
Qe4 Nxb3 22. Qc4+ Kf8 23. Qxb3 b6 24. Qd5 Ra5 25. Qd1 Ba6 26. Re1 Bxe1 27. Qxe1
Rxa2 28. Be3 Ra1 29. Bc1 Qe5 30. Qd2 Qe2 31. Qc3 Qf1# {White checkmated} 0-1

[Event "Team 45 45 League T27"]
[Site "Internet Chess Club"]
[Date "2005.07.24"]
[Round "6"]
[White "N20863"]
[Black "hotzoddy"]
[Result "0-1"]
[WhiteElo "1302"]
[BlackElo "1268"]
[TimeControl "2700+45"]

1. e4 e6 2. d4 d5 3. Bb5+ Bd7 4. Bxd7+ Nxd7 5. exd5 exd5 6. Nc3 Ngf6 7. Bg5 Nb6
8. Qe2+ Qe7 9. Qxe7+ Bxe7 10. Bf4 c6 11. Nf3 O-O 12. O-O Rfe8 13. Rfe1 Nc4 14.
b3 Nb6 15. Bc7 Bb4 16. Rxe8+ Nxe8 {White resigns} 0-1

[Event "Team 45 45 League T27"]
[Site "Internet Chess Club"]
[Date "2005.07.22"]
[Round "6"]
[White "Knight-Rookie"]
[Black "WannaB"]
[Result "1-0"]
[WhiteElo "1299"]
[BlackElo "1101"]
[TimeControl "2700+45"]

1. e4 c5 2. Nf3 d6 3. d4 cxd4 4. Nxd4 Nf6 5. Nc3 a6 6. Bd3 e5 7. Nf3 Bg4 8. h3
Bxf3 9. Qxf3 Nc6 10. O-O Nd4 11. Qd1 Be7 12. Ne2 O-O 13. Nxd4 exd4 14. f4 b5 15.
a4 b4 16. Bd2 d5 17. exd5 Nxd5 18. Be4 Rb8 19. Qh5 h6 20. Bxd5 Qd6 21. Bb3 Qg6
22. Qxg6 Bc5 23. Kh1 Rb6 24. Qg4 Rg6 25. Qf3 a5 26. f5 Rf6 27. Qg3 Bd6 28. Qg4
Bc5 29. Bxh6 Rxh6 30. f6 Rg6 31. Qh5 Bb6 32. Rf4 Rg5 33. Qh4 Rg6 34. Rg4 Rxf6
35. Qxf6 Bd8 36. Qxg7# {Black checkmated} 1-0

[Event "Team 45 45 League T27"]
[Site "Internet Chess Club"]
[Date "2005.07.22"]
[Round "6"]
[White "DayDream01"]
[Black "slakkjaw"]
[Result "0-1"]
[WhiteElo "1068"]
[BlackElo "1155"]
[TimeControl "2700+45"]

1. e4 e5 2. Nf3 Nc6 3. Nc3 Nf6 4. d4 Bb4 5. Bg5 Bxc3+ 6. bxc3 h6 7. Bxf6 Qxf6 8.
d5 Na5 9. c4 d6 10. Rb1 O-O 11. Be2 Qf4 12. Nd2 f5 13. g3 Qg5 14. h4 Qf6 15. Nb3
Nxb3 16. Rxb3 fxe4 17. O-O Bh3 18. Rxb7 Bxf1 19. Qxf1 Qe7 20. Rb3 Rf5 21. Bg4
Rf6 22. Kh2 Raf8 23. f3 exf3 24. Rxf3 e4 25. Rf4 Rxf4 26. gxf4 Qxh4+ 27. Bh3
Rxf4 28. Qc1 Rf2+ 29. Kg1 Qg3+ 30. Kh1 Rh2# {White checkmated} 0-1

[Event "Team 45 45 League T27"]
[Site "Internet Chess Club"]
[Date "2005.07.21"]
[Round "6"]
[White "cazj"]
[Black "tryanything"]
[Result "0-1"]
[WhiteElo "1342"]
[BlackElo "1471"]
[TimeControl "2700+45"]

1. e4 e5 2. Nf3 Nc6 3. Bc4 Nf6 4. Nc3 Nxe4 5. d3 Nxc3 6. bxc3 d5 7. Bb5 Bg4 8.
Qe2 Bd6 9. Qe3 O-O 10. Bxc6 bxc6 11. Nxe5 Bxe5 12. Qxe5 Re8 13. Qxe8+ Qxe8+ 14.
Be3 Qe5 15. O-O Qxc3 16. Rfc1 a5 17. Rab1 Qa3 18. Ra1 Rb8 19. Bd4 c5 20. Be5 f6
21. Bxc7 Rb2 22. Bd6 Rxa2 23. Rxa2 Qxc1# {White checkmated} 0-1

[Event "Team 45 45 League T27"]
[Site "Internet Chess Club"]
[Date "2005.07.23"]
[Round "6"]
[White "SandiaCaveMan"]
[Black "Midwest-Rook"]
[Result "1/2-1/2"]
[WhiteElo "1354"]
[BlackElo "1256"]
[TimeControl "2700+45"]

1. e4 e5 2. Nf3 Nc6 3. Bb5 Bc5 4. O-O Qf6 5. d3 h6 6. Nc3 Nge7 7. Re1 g5 8. Be3
Bxe3 9. Rxe3 d6 10. Bxc6+ bxc6 11. d4 g4 12. dxe5 dxe5 13. Ne1 h5 14. Ne2 h4 15.
f3 Qg5 16. Qd3 Be6 17. fxg4 Rd8 18. Qc3 Bxg4 19. Nf3 Qg7 20. Nxe5 Bxe2 21. Rxe2
Rd6 22. Rf2 Re6 23. Nxf7 Qxc3 24. bxc3 Rf8 25. Ng5 Re5 26. Rxf8+ Kxf8 27. Rf1+
Ke8 28. Nf3 Rxe4 29. Re1 Rc4 30. Re3 Ra4 31. Ne5 Nd5 32. Re1 Rxa2 33. Nxc6+ Kd7
34. Nb4 Nxb4 35. cxb4 Rxc2 36. Rd1+ Kc6 37. Rd4 Kb5 38. Rxh4 c5 39. bxc5 Rxc5
40. g4 Rc4 41. Rh5+ Kc6 42. g5 a5 43. g6 Rg4+ 44. Kh1 Rxg6 45. Rxa5 Kb6 46. Rf5
Rh6 47. Kg2 Kc6 48. h3 Kd6 49. Ra5 Rg6+ 50. Kh2 Ke7 51. h4 Kf7 52. Kh3 Kg7 53.
Rg5 Rxg5 54. hxg5 Kg6 55. Kg4 Kh7 56. Kf5 Kg7 57. g6 Kg8 58. Kf6 Kf8 59. g7+ Kg8
60. Kg6 {Black stalemated} 1/2-1/2

[Event "Team 45 45 League T27"]
[Site "Internet Chess Club"]
[Date "2005.07.25"]
[Round "6"]
[White "markev"]
[Black "littleboo"]
[Result "1-0"]
[WhiteElo "1346"]
[BlackElo "1203"]
[TimeControl "2700+45"]

1. d4 d5 2. c4 dxc4 3. Nc3 Nf6 4. e3 Be6 5. Nf3 c6 6. Be2 Nbd7 7. h3 a6 8. Ng5
Bf5 9. Bxc4 e6 10. a3 Bg6 11. O-O b5 12. Be2 Qc7 13. e4 Bd6 14. e5 Nxe5 15. dxe5
Bxe5 16. Nf3 Rd8 17. Qe1 Bd6 18. Be3 h6 19. Nh4 Be4 20. Nxe4 Nxe4 21. Bf3 Nf6
22. Rc1 Nd5 23. Bxd5 c5 24. Bf3 Be7 25. Nf5 Bf6 26. Rxc5 Qd7 27. Bc6 O-O 28.
Bxd7 Rxd7 29. Ng3 Bxb2 30. Qb4 Bf6 31. Qg4 Rfd8 32. Nh5 Bb2 33. Bxh6 {Black
resigns} 1-0

[Event "Team 45 45 League T27"]
[Site "Internet Chess Club"]
[Date "2005.07.22"]
[Round "6"]
[White "Tom45"]
[Black "rpgrossman"]
[Result "1-0"]
[WhiteElo "1024"]
[BlackElo "985"]
[TimeControl "2700+45"]

1. e4 e5 2. Nf3 Nc6 3. Nc3 Nf6 4. Bc4 Qe7 5. O-O b6 6. b3 Bb7 7. a3 O-O-O 8. d4
d6 9. d5 Na5 10. Be2 h5 11. b4 Nxe4 12. Nxe4 Bxd5 13. Qxd5 Qe6 14. Qxe6+ fxe6
15. bxa5 bxa5 16. Ba6+ Kd7 17. Rd1 d5 18. Nxe5+ Ke7 19. Ng6+ Ke8 20. Nxh8 dxe4
21. Rxd8+ Kxd8 22. Be3 g5 23. Nf7+ Ke8 24. Nxg5 Bg7 25. Rb1 {Black resigns} 1-0

[Event "Team 45 45 League T27"]
[Site "Internet Chess Club"]
[Date "2005.07.25"]
[Round "6"]
[White "ATLfalcons"]
[Black "nir8888"]
[Result "1-0"]
[WhiteElo "1777"]
[BlackElo "1667"]
[TimeControl "2700+45"]

1. e4 c6 2. d4 d5 3. e5 Bf5 4. h4 h6 5. g4 Bg6 6. Bg2 e6 7. Nf3 Be7 8. Nh2 Nd7
9. h5 Bh7 10. O-O c5 11. c3 Rc8 12. Qa4 Qb6 13. Nd2 cxd4 14. cxd4 Bc2 15. Nb3
Bb4 16. Be3 Rc4 17. Nf3 Be1 18. Qa3 Bb4 19. Qa4 Be7 20. Qa5 Qxa5 21. Nxa5 Rc7
22. Rac1 b6 23. Ne1 bxa5 24. Nxc2 Kd8 25. Bd2 f6 26. Bxa5 fxe5 27. Bxc7+ Kxc7
28. dxe5 Nxe5 29. Nd4+ Kb7 30. Nxe6 Bd6 31. Bxd5+ Kb8 32. Rc3 Ne7 33. Rb3+ Kc8
34. Rc1+ Kd7 35. Rb7+ Ke8 36. Rxa7 g6 37. Ra8+ Kf7 38. Rxh8 Nxd5 39. Nd8+ Kg7
40. Re8 Nxg4 41. Nb7 Bh2+ 42. Kf1 gxh5 43. Rd1 Ngf6 44. Rd8 Nb4 45. a3 Nc6 46.
Ra8 h4 47. Kg2 Be5 48. b4 Kg6 49. b5 Nd4 50. a4 Ne2 51. a5 Nf4+ 52. Kh1 Ne4 53.
Re1 Nd3 54. Rxe4 Nxf2+ 55. Kg2 Nxe4 56. Re8 h3+ 57. Kxh3 Nf2+ 58. Kg2 Nd3 59.
Rxe5 Nxe5 60. Nd6 Nd3 61. a6 Nf4+ 62. Kf3 Nd5 63. a7 Nb6 64. Nc8 Na8 65. b6
{Black resigns} 1-0

[Event "Team 45 45 League T27"]
[Site "Internet Chess Club"]
[Date "2005.07.21"]
[Round "6"]
[White "nursey"]
[Black "claymil"]
[Result "1/2-1/2"]
[WhiteElo "1671"]
[BlackElo "1687"]
[TimeControl "2700+45"]

1. d4 d5 2. c4 e6 3. Nc3 Nf6 4. Bg5 Be7 5. e3 O-O 6. Nf3 a6 7. Bd3 dxc4 8. Bxc4
b5 9. Bd3 h6 10. Bxf6 Bxf6 11. O-O Bb7 12. Ne4 Be7 13. a4 b4 14. Rc1 Nd7 15. Qc2
Rc8 16. Rfd1 Kh8 17. b3 c6 18. Bc4 Nb6 19. Be2 Nd5 20. Nc5 Bxc5 21. dxc5 Qf6 22.
e4 Nc3 23. Rd7 Rb8 {Game drawn by mutual agreement} 1/2-1/2

[Event "Team 45 45 League T27"]
[Site "Internet Chess Club"]
[Date "2005.07.23"]
[Round "6"]
[White "alaskauk"]
[Black "mickeys"]
[Result "1/2-1/2"]
[WhiteElo "1470"]
[BlackElo "1642"]
[TimeControl "2700+45"]

1. e4 c5 2. Nf3 Nc6 3. d4 cxd4 4. Nxd4 g6 5. Nc3 Bg7 6. Be3 Nf6 7. Bc4 O-O 8. h3
Nxe4 9. Nxe4 d5 10. Nxc6 bxc6 11. c3 dxc4 12. Qd2 Qd5 13. f3 f5 14. Nf2 e5 15.
Nd1 Rd8 16. Qxd5+ cxd5 17. O-O a5 18. Re1 d4 19. Bd2 Bb7 20. cxd4 exd4 21. Rb1
Bf8 22. Rc1 Bd5 23. Nf2 Bb4 24. Bxb4 axb4 25. b3 c3 26. Nd3 Rxa2 27. Nxb4 Rb2
28. Nxd5 Rxd5 29. Re7 Rxb3 30. Ra1 Rd8 31. Raa7 c2 32. Rg7+ Kf8 33. Rgf7+ Kg8
34. Rg7+ Kh8 35. Rxh7+ Kg8 36. Rhg7+ Kf8 37. Rgf7+ Kg8 38. Rg7+ Kh8 39. Rh7+ Kg8
40. Rhg7+ Kf8 41. Rgf7+ Kg8 42. Rg7+ Kh8 43. Rh7+ Kg8 44. Rhg7+ Kf8 45. Rgf7+
Kg8 46. Rg7+ Kh8 47. Rh7+ Kg8 48. Rhg7+ Kf8 49. Rgf7+ Kg8 50. Rg7+ Kh8 51. Rh7+
Kg8 52. Rhg7+ Kf8 53. Rgf7+ Kg8 54. Rg7+ Kh8 55. Rh7+ Kg8 56. Rhg7+ Kf8 57.
Rgf7+ {Game drawn by repetition} 1/2-1/2

[Event "Team 45 45 League T27"]
[Site "Internet Chess Club"]
[Date "2005.07.25"]
[Round "6"]
[White "mal57"]
[Black "JLMOE"]
[Result "0-1"]
[WhiteElo "1460"]
[BlackElo "1422"]
[TimeControl "2700+45"]

1. d4 Nf6 2. c4 e6 3. Nc3 Bb4 4. Bd2 b6 5. a3 Be7 6. e4 d6 7. Nf3 Bb7 8. Bd3 O-O
9. Qc2 Ng4 10. h3 Nf6 11. O-O e5 12. dxe5 dxe5 13. Nxe5 Nbd7 14. Nxd7 Nxd7 15.
Nd5 Kh8 16. Bc3 Nc5 17. Be2 Re8 18. Bf3 Bg5 19. b4 Ne6 20. Bg4 c6 21. Ne3 Bf6
22. e5 Be7 23. Rad1 Qc7 24. Nf5 Rad8 25. Nxe7 Rxe7 26. f4 Rxd1 27. Bxd1 c5 28.
Qb2 cxb4 29. Bxb4 Rd7 30. Bd6 Qxc4 31. Bb3 Qe4 32. Ba4 Qxa4 33. f5 Qd4+ 34. Qxd4
Nxd4 35. Rd1 Nxf5 {White resigns} 0-1